Map: Dusk Towers

Players

Miszu

  • Race: Terran Terran
  • League: Master

Kas - Winner!

  • Race: Terran Terran
  • League: Master

VOD

Have the link to the VOD?

Description

Time

  • Played on: Feb. 4, 2016, 6:57 p.m.
  • Length: 4:54
Show
View Real Time Build Order
Export as new Build Order

Miszu Terran 

Build Orders:  

Get SALT Encoding   

  12  0:01  SCV  
  13  0:13  SCV  
  14  0:18  Supply Depot  
  14  0:25  SCV  
  15  0:39  SCV  
  16  0:44  Barracks  
  16  0:47  Refinery  
  16  0:52  SCV  
  17  1:04  SCV  
  18  1:16  SCV  
  19  1:30  Orbital Command  
  19  1:32  Barracks Reactor  
  19  1:42  Command Center  
  19  1:52  Supply Depot  
  19  1:56  SCV  
  19  2:09  Factory, SCV  
  19  2:13  Marine x2  
  22  2:19  Refinery  
  22  2:21  SCV  
  23  2:31  Marine x2  
  23  2:33  SCV  
  26  2:46  SCV  
  26  2:49  Marine x2  
  29  2:53  Starport, Factory Tech Lab  
  29  2:58  Orbital Command  
  29  3:01  SCV  
  30  3:10  Marine  
  30  3:11  Marine  
  32  3:14  Widow Mine  
  32  3:15  SCV  
  35  3:24  SCV  
  36  3:28  SCV  
  36  3:29  Supply Depot  
  37  3:34  Medivac  
  37  3:36  SCV  
  37  3:40  SCV  
  41  3:43  Cyclone  
  41  3:45  Marine x2  
  46  3:51  SCV  
  46  3:52  SCV  
  48  3:59  Barracks  
  48  4:03  SCV  
  48  4:04  SCV  
  48  4:08  Barracks  
  50  4:14  Marine x2  
  50  4:15  SCV  
  50  4:17  SCV  
  54  4:29  Engineering Bay  
  54  4:35  Supply Depot  
  59  4:39  SCV  
  59  4:40  SCV  
  59  4:45  Refinery  
Show
View Real Time Build Order
Export as new Build Order

Kas Terran - Winner!

Build Orders: Banshee Rush 

Get SALT Encoding   

  12  0:00  SCV  
  13  0:13  SCV  
  14  0:17  Supply Depot  
  14  0:25  SCV  
  15  0:39  SCV  
  15  0:40  Barracks  
  16  0:43  Refinery  
  16  0:51  SCV  
  17  1:03  SCV  
  18  1:15  SCV  
  19  1:27  Marine, Orbital Command  
  20  1:41  Command Center  
  20  1:46  Barracks Reactor  
  20  1:53  Supply Depot  
  20  1:57  SCV  
  21  2:06  Factory  
  21  2:11  SCV  
  22  2:17  Refinery  
  22  2:23  Marine x2, SCV  
  25  2:35  SCV  
  26  2:40  Marine  
  26  2:41  Marine  
  28  2:47  SCV  
  28  2:49  Starport, Factory Tech Lab  
  29  2:55  Orbital Command  
  29  2:59  SCV  
  29  3:04  Marine x2  
  32  3:11  SCV  
  33  3:20  Factory Tech Lab  
  33  3:21  SCV  
  33  3:23  Marine, SCV  
  36  3:31  Banshee  
  36  3:33  Cloaking Field, SCV  
  40  3:39  Marine  
  40  3:40  SCV  
  42  3:41  Marine  
  42  3:44  Supply Depot  
  42  3:45  SCV  
  44  3:52  SCV  
  45  3:57  Marine  
  45  3:59  Supply Depot  
  46  4:05  Marine, Siege Tank, SCV x2  
  46  4:07  Supply Depot  
  52  4:15  Marine  
  53  4:18  SCV  
  53  4:21  SCV  
  53  4:23  Marine  
  59  4:25  Engineering Bay  
  59  4:30  SCV  
  60  4:33  SCV  
  61  4:38  Command Center  
  61  4:42  SCV  
Tags
 
Matchup
TvT
Player
Kas
Race
Terran
Strategy
Banshee Rush
Add a new tag
Caveats
  • Supply blocks, unpowered buildings, or Contaminate may cause inaccurate times.
  • Supply counts are checked every 10 seconds.